 Dungeon Crawl Stone Soup version 0.22-a0-348-gd16d139 (webtiles) character file.

26 Amnesiac the Ducker (level 2, -7/16 HPs)
             Began as a Spriggan Berserker on Apr 11, 2018.
             Was a Follower of Trog.
             Killed from afar by an orc wizard (12 damage)
             ... with a puff of flame
             ... on level 2 of the Dungeon.
             The game lasted 00:01:02 (1004 turns).

Amnesiac the Ducker (Spriggan Berserker)            Turns: 1004, Time: 00:01:03

Health: -7/16      AC:  2    Str: 13    XL:     2   Next: 89%
Magic:  3/3        EV: 19    Int:  8    God:    Trog [*.....]
Gold:   38         SH:  0    Dex: 15    Spells: 1/1 levels left

rFire    . . .     SeeInvis +   b - +0 hunting sling
rCold    . . .     Gourm    .   (shield restricted)
rNeg     . . .     Faith    .   d - +0 animal skin
rPois    .         Spirit   .   (helmet restricted)
rElec    .         Reflect  .   (no cloak)
rCorr    .         Harm     .   (gloves unavailable)
MR       ++...                  (boots unavailable)
Stlth    ++........             (no amulet)
HPRegen  1.05/turn              (no ring)
MPRegen  0.08/turn              (no ring)

@: regenerating, very quick
A: very small, unfitting armour, see invisible, herbivore, speed 3, slow
metabolism 2
a: Berserk, Renounce Religion


You were on level 2 of the Dungeon.
You worshipped Trog.
Trog was aware of your devotion.
You were not hungry.

You visited 1 branch of the dungeon, and saw 2 of its levels.

You collected 38 gold pieces.

Inventory:

Hand Weapons
 a - a +0 short sword
 b - a +0 hunting sling (weapon)
Missiles
 e - 6 sling bullets (quivered)
 f - 66 stones
Armour
 d - a +0 animal skin (worn)
Scrolls
 h - a scroll of teleportation {!r, unknown}
 i - a scroll of amnesia {!r, unknown}
 j - a scroll of enchant armour {!r, unknown}
 k - a scroll of fear {!r, unknown}
Potions
 g - 2 potions of curing {!q, unknown}
Comestibles
 c - 3 rations


   Skills:
 - Level 2.4 Fighting
 * Level 3.7 Short Blades
 - Level 4.4 Dodging
 + Level 3.5 Stealth


You had one spell level left.
You didn't know any spells.

Dungeon Overview and Level Annotations

Branches:
Dungeon (2/15)

Altars:


Innate Abilities, Weirdness & Mutations

You are very small and have problems with some larger weapons.
You are too small for most types of armour.
You have supernaturally acute eyesight. (SInv)
You are a herbivore.
You cover ground extremely quickly.
You need to consume almost no food.


Message History

Aim: an orc wizard, wielding a dagger and wearing a robe (lightly wounded)
You shoot a sling bullet. The orc shouts!
The orc wizard shouts!
The sling bullet hits the orc wizard.
The orc wizard is moderately wounded.
The orc wizard gestures at you while chanting.
You are confused.
An orc comes into view. It is wielding a short sword.
The orc shouts!
There are monsters nearby!
You are too confused!
The orc wizard points at you and mumbles some strange words.
You resist with some effort.
The orc wizard points at you and mumbles some strange words.
The magic dart hits you!
You see here a ration.
You see here a rat corpse.
You bump into the rock wall.
You feel less confused.
Found a stone staircase leading down.
Found 6 stones.
Your skin crawls.
You feel resistant to hostile enchantments.
You feel somewhat more hungry.
You can no longer call upon Trog for regeneration and magic resistance.
Firing (i - inventory. (/) - cycle)
e - 11 sling bullets (quivered)
Press: ? - help, Shift-Dir - straight line, f/p - orc wizard
Aim: an orc wizard, wielding a dagger and wearing a robe (moderately wounded)
You shoot a sling bullet. The sling bullet hits the orc wizard.
The orc wizard is heavily wounded.
Unknown command.
Firing (i - inventory. (/) - cycle)
e - 10 sling bullets (quivered)
Press: ? - help, Shift-Dir - straight line, f/p - orc wizard
Aim: an orc wizard, wielding a dagger and wearing a robe (heavily wounded)
You shoot a sling bullet.
The sling bullet closely misses the orc wizard.
The sling bullet completely misses the orc.
The orc wizard gestures at you while chanting.
You resist with almost no effort.
Firing (i - inventory. (/) - cycle)
e - 9 sling bullets (quivered)
Press: ? - help, Shift-Dir - straight line, f/p - orc wizard
Aim: an orc wizard, wielding a dagger and wearing a robe (heavily wounded)
You shoot a sling bullet. The sling bullet hits the orc wizard.
The orc wizard is severely wounded.
Unknown command.
Firing (i - inventory. (/) - cycle)
e - 8 sling bullets (quivered)
Press: ? - help, Shift-Dir - straight line, f/p - orc wizard
Aim: an orc wizard, wielding a dagger and wearing a robe (severely wounded)
You shoot a sling bullet. The sling bullet hits the orc.
The orc is severely wounded.
Firing (i - inventory. (/) - cycle)
e - 7 sling bullets (quivered)
Press: ? - help, Shift-Dir - straight line, f/p - orc
Aim: an orc, wielding a club (severely wounded)
You shoot a sling bullet. The sling bullet hits the orc.
You kill the orc!
Trog accepts your kill.
The orc wizard gestures at you while chanting.
The magic dart hits you!
Ouch! That really hurt!
* * * LOW HITPOINT WARNING * * *
The orc wizard points at you and mumbles some strange words.
The puff of flame hits you!
Ouch! That really hurt!
You die...

#......##....###########
#......#................
#...............########
#...............###### .
#.........#..........##
.####.......#.####......#
...........#.......[....#
.........o..............#
.........(oo....@.......#
....##.((.....####......#
.......#......#
#####.#######
...#...#..........
#........
...†...#......##...
#<#######
.......#..(..... .(. #.#
.o.....#......... .. #.#
%o...............> . #.#
...####..#...####. #.#


You could see 2 orc wizards and an orc.

Vanquished Creatures
  A leopard gecko (D:1)
  An orc (D:2)
  A bat (D:1)
  3 goblins (D:1)
  2 hobgoblins (D:1)
  3 jackals (D:1)
  9 frilled lizards (D:1)
  2 kobolds (D:1)
  3 rats
25 creatures vanquished.

Notes
Turn   | Place    | Note
-------+----------+-------------------------------------------
     0 | D:1      | Amnesiac the Spriggan Berserker began the quest for the Orb.
     0 | D:1      | Reached XP level 1. HP: 11/11 MP: 2/2
    85 | D:1      | Reached skill level 1 in Stealth
   286 | D:1      | Reached XP level 2. HP: 16/16 MP: 3/3
   644 | D:1      | Reached ** piety under Trog
  1004 | D:2      | Killed from afar by an orc wizard

Vault maps used:
D:1:      onia_arrival_pentagram, minmay_lizard_king
D:2:      grunt_temple_overflow_gold_and_silver, old_standard_altar

Skill      XL: |  1  2 |
---------------+-------+-----
Stealth        | 2 3 |  3.5
Fighting       | |  2.4
Short Blades   | |  3.7
Dodging        | |  4.4

Action                   || total
-------------------------++-------
Melee: Short sword       ||     6
 Fire: Hunting sling     ||    47
Invok: Trog's Hand       ||     1
Dodge: Dodged            ||    10

Table legend:
 A = Spawn XP
 B = Non-spawn XP
 C = Spawn XP percentage of total XP
 D = Spawn monster count
 E = Non-spawn monster count
 F = Spawn count percentage of total count
 G = Total turns spent on level
                    A         B        C        D         E        F      G
               +---------+---------+-------+---------+---------+-------+---------
         Total |       0 |      38 |   0.0 |       0 |      25 |   0.0 |  1004
               +---------+---------+-------+---------+---------+-------+---------
           D:1 |       0 |      34 |   0.0 |       0 |      23 |   0.0 |   930
           D:2 |       0 |       4 |   0.0 |       0 |       2 |   0.0 |    74
               +---------+---------+-------+---------+---------+-------+---------
